AAA EAST
ALTOONA CURVE @ WORCESTER RED SOX
06/06/2042
 
TOP OF THE 1ST
Altoona Curve batting - Pitching for Worcester Red Sox : RHP Charlie Alexander
Pitching: RHP Charlie Alexander
Batting: RHB Kevin Bauer 0-0: Ball
1-0: Foul Ball, location: 5FF
1-1: Foul Ball, location: 2F
1-2: SINGLE (Groundball, 3D, EV 99.4 MPH)
Batting: LHB Sean Lund 0-0: Ball
1-0: Ball
2-0: DOUBLE (Flyball, 8LXD, EV 98.8 MPH)
Kevin Bauer to third
Batting: LHB Dave Calhoun 0-0: Ball
1-0: Ball
2-0: Called Strike
2-1: Foul Ball, location: 2LF
2-2: Strikes out swinging
Batting: RHB Kevin Williams 0-0: Ball
1-0: Called Strike
1-1: Fly out, F8 (Flyball, 8LD, EV 87.5 MPH)
Runner from 3rd tags up, SCORES, throw by CF
Sean Lund to third
Batting: LHB Rich Herbert 0-0: Foul Ball, location: 3F
0-1: Fly out, F5 (Popup, 25F, EV 80.6 MPH)
Top of the 1st over - 1 run, 2 hits, 0 errors, 1 left on base; Altoona 1 - Worcester 0
BOTTOM OF THE 1ST
Worcester Red Sox batting - Pitching for Altoona Curve : RHP Gilberto Morán
Pitching: RHP Gilberto Morán
Batting: LHB Doug Rush 0-0: Ball
1-0: Ball
2-0: Called Strike
2-1: Fly out, F8 (Flyball, 8LM, EV 89.4 MPH)
Batting: LHB Chris McClellan 0-0: Ball
1-0: Foul Ball, location: 5DF
1-1: Foul Ball, location: 5F
1-2: Ball
2-2: Foul Ball, location: 2F
2-2: Fly out, F9 (Line Drive, 9, EV 102.5 MPH)
Batting: LHB Ron Palma 0-0: Foul Ball, location: 7LSF
0-1: Ball
1-1: Ball
2-1: Fly out, F7 (Flyball, 7LM, EV 107.5 MPH)
Bottom of the 1st over - 0 runs, 0 hits, 0 errors, 0 left on base; Altoona 1 - Worcester 0
TOP OF THE 2ND
Altoona Curve batting - Pitching for Worcester Red Sox : RHP Charlie Alexander
Batting: RHB Manny Quintana 0-0: Called Strike
0-1: Foul Ball, location: 5F
0-2: Strikes out swinging
Batting: RHB Pancho Romano 0-0: SINGLE (Groundball, 6M, EV 88.1 MPH)
Batting: LHB Greg McDonald 0-0: Fly out, F8 (Flyball, 8LM, EV 88.8 MPH)
Lined into DP, 8-3 (Flyball, 8LM, EV 88.8 MPH)
Top of the 2nd over - 0 runs, 1 hit, 0 errors, 0 left on base; Altoona 1 - Worcester 0
BOTTOM OF THE 2ND
Worcester Red Sox batting - Pitching for Altoona Curve : RHP Gilberto Morán
Batting: LHB Bobby Dotson 0-0: Called Strike
0-1: Ball
1-1: Called Strike
1-2: Fly out, F8 (Flyball, 8LXD, EV 92.5 MPH)
Batting: LHB José Maestas 0-0: Ground out 1-3 (Groundball, 15S, EV 68.1 MPH)
Batting: LHB Manny Escobedo 0-0: Ball
1-0: Called Strike
1-1: Ball
2-1: Called Strike
2-2: Ground out U3 (Groundball, 3S, EV 88.1 MPH)
Bottom of the 2nd over - 0 runs, 0 hits, 0 errors, 0 left on base; Altoona 1 - Worcester 0
TOP OF THE 3RD
Altoona Curve batting - Pitching for Worcester Red Sox : RHP Charlie Alexander
Batting: LHB Juan Martínez 0-0: Ball
1-0: Foul Ball, location: 23F
1-1: Fly out, F7 (Flyball, 78S, EV 76.3 MPH)
Batting: RHB Kevin Bauer 0-0: Swinging Strike
0-1: Ball
1-1: Ground out 6-3 (Groundball, 6, EV 91.9 MPH)
Batting: LHB Sean Lund 0-0: Ball
1-0: Ball
2-0: Fly out, F7 (Flyball, 78M, EV 88.8 MPH)
Top of the 3rd over - 0 runs, 0 hits, 0 errors, 0 left on base; Altoona 1 - Worcester 0
BOTTOM OF THE 3RD
Worcester Red Sox batting - Pitching for Altoona Curve : RHP Gilberto Morán
Batting: LHB Roger Lenoir 0-0: Foul Ball, location: 3DF
0-1: Ball
1-1: Foul Ball, location: 2F
1-2: SINGLE (Groundball, 6MS, EV 66.3 MPH) (infield hit)
Batting: SHB Tony Robles 0-0: Sac Bunt to P - play at first, batter OUT! 1-3
Roger Lenoir to second
Batting: RHB Ánibal Rentería 0-0: Ball
1-0: Called Strike
1-1: Hit by Pitch
Batting: LHB Doug Rush 0-0: Called Strike
0-1: Called Strike
0-2: Ball
1-2: Ball
2-2: Grounds into double play, 4-6-3 (Groundball, 4S, EV 80.6 MPH)
Bottom of the 3rd over - 0 runs, 1 hit, 0 errors, 1 left on base; Altoona 1 - Worcester 0
TOP OF THE 4TH
Altoona Curve batting - Pitching for Worcester Red Sox : RHP Charlie Alexander
Batting: LHB Dave Calhoun 0-0: Called Strike
0-1: Ball
1-1: Foul Ball, location: 7LSF
1-2: Strikes out swinging
Batting: RHB Kevin Williams 0-0: Ball
1-0: Foul Ball, location: 25F
1-1: Ball
2-1: Fly out, F7 (Line Drive, 7LS, EV 90.6 MPH)
Batting: LHB Rich Herbert 0-0: Called Strike
0-1: Fly out, F9 (Flyball, 9D, EV 89.4 MPH)
Top of the 4th over - 0 runs, 0 hits, 0 errors, 0 left on base; Altoona 1 - Worcester 0
BOTTOM OF THE 4TH
Worcester Red Sox batting - Pitching for Altoona Curve : RHP Gilberto Morán
Batting: LHB Chris McClellan 0-0: Called Strike
0-1: Ball
1-1: Fly out, F9 (Flyball, 9LM, EV 88.1 MPH)
Batting: LHB Ron Palma 0-0: Foul Ball, location: 7LDF
0-1: Ball
1-1: Ball
2-1: Ball
3-1: SOLO HOME RUN (Line Drive, 9D, EV 98.8 MPH), Distance : 381 ft
Batting: LHB Bobby Dotson 0-0: Ball
1-0: Ball
2-0: Foul Ball, location: 2F
2-1: Ball
3-1: SINGLE (Line Drive, 89S, EV 98.1 MPH)
Batting: LHB José Maestas 0-0: Foul Ball, location: 7LDF
0-1: Ball
Bobby Dotson is caught stealing 2nd base 2-6
1-1: SOLO HOME RUN (Flyball, 9D, EV 99.4 MPH), Distance : 369 ft
Batting: LHB Manny Escobedo 0-0: Called Strike
0-1: Ball
1-1: Ball
2-1: Foul Ball, location: 2F
2-2: SINGLE (Line Drive, 89S, EV 105.6 MPH)
Batting: LHB Roger Lenoir 0-0: Foul Ball, location: 7LDF
0-1: Ball
1-1: Called Strike
1-2: Fly out, F9 (Flyball, 9LD, EV 106.3 MPH)
Bottom of the 4th over - 2 runs, 4 hits, 0 errors, 1 left on base; Altoona 1 - Worcester 2
TOP OF THE 5TH
Altoona Curve batting - Pitching for Worcester Red Sox : RHP Charlie Alexander
Batting: RHB Manny Quintana 0-0: Foul Ball, location: 9LSF
0-1: Ground out 6-3 (Groundball, 56, EV 107.5 MPH)
Batting: RHB Pancho Romano 0-0: Reached on error, E4 (Groundball, 4S, EV 63.1 MPH)
Batting: LHB Greg McDonald 0-0: Called Strike
0-1: Called Strike
0-2: Strikes out swinging
Batting: LHB Juan Martínez 0-0: Called Strike
0-1: Ball
1-1: Single, Error in OF, E8, batter to second base (Line Drive, 89S, EV 101.9 MPH)
Pancho Romano to third
Batting: RHB Kevin Bauer 0-0: Foul Ball, location: 7LDF
0-1: Ball
1-1: Foul Ball, location: 25FF
1-2: Ball
2-2: DOUBLE (Line Drive, 89XD, EV 105.0 MPH)
Pancho Romano scores
Juan Martínez scores
Batting: LHB Sean Lund 0-0: Ball
1-0: Fly out, F7 (Flyball, 7, EV 101.9 MPH)
Top of the 5th over - 2 runs, 2 hits, 2 errors, 1 left on base; Altoona 3 - Worcester 2
BOTTOM OF THE 5TH
Worcester Red Sox batting - Pitching for Altoona Curve : RHP Gilberto Morán
Batting: SHB Tony Robles 0-0: Foul Ball, location: 2F
0-1: Ball
1-1: Swinging Strike
1-2: Ball
2-2: Ball
3-2: Strikes out looking
Batting: RHB Ánibal Rentería 0-0: Foul Ball, location: 2LF
0-1: Foul Ball, location: 2LF
0-2: Fly out, F9 (Flyball, 89S, EV 76.3 MPH)
Batting: LHB Doug Rush 0-0: Ball
1-0: Called Strike
1-1: Foul Ball, location: 5F
1-2: Strikes out swinging
Bottom of the 5th over - 0 runs, 0 hits, 0 errors, 0 left on base; Altoona 3 - Worcester 2
TOP OF THE 6TH
Altoona Curve batting - Pitching for Worcester Red Sox : RHP Charlie Alexander
Batting: LHB Dave Calhoun 0-0: Ground out 6-3 (Groundball, 56, EV 85.6 MPH)
Batting: RHB Kevin Williams 0-0: Called Strike
0-1: Foul Ball, location: 5DF
0-2: Strikes out swinging
Batting: LHB Rich Herbert 0-0: Foul Ball, location: 2F
0-1: Ground out 4-3 (Groundball, 4, EV 84.4 MPH)
Top of the 6th over - 0 runs, 0 hits, 0 errors, 0 left on base; Altoona 3 - Worcester 2
BOTTOM OF THE 6TH
Worcester Red Sox batting - Pitching for Altoona Curve : RHP Gilberto Morán
Batting: LHB Chris McClellan 0-0: Fly out, F8 (Flyball, 78M, EV 90.6 MPH)
Batting: LHB Ron Palma 0-0: Called Strike
0-1: Ball
1-1: Ball
2-1: SINGLE (Groundball, 6MD, EV 96.9 MPH)
Batting: LHB Bobby Dotson 0-0: Ball
1-0: Ball
2-0: Grounds into double play, 6-4-3 (Groundball, 6S, EV 76.9 MPH)
Bottom of the 6th over - 0 runs, 1 hit, 0 errors, 0 left on base; Altoona 3 - Worcester 2
TOP OF THE 7TH
Altoona Curve batting - Pitching for Worcester Red Sox : RHP Charlie Alexander
Batting: RHB Manny Quintana 0-0: Ball
1-0: Foul Ball, location: 3F
1-1: Ball
2-1: Called Strike
2-2: Strikes out swinging
Batting: RHB Pancho Romano 0-0: Fly out, F4 (Line Drive, 4D, EV 68.1 MPH)
Batting: LHB Greg McDonald 0-0: Foul Ball, location: 2F
0-1: Fly out, F3 (Line Drive, 34, EV 61.9 MPH)
Top of the 7th over - 0 runs, 0 hits, 0 errors, 0 left on base; Altoona 3 - Worcester 2
BOTTOM OF THE 7TH
Worcester Red Sox batting - Pitching for Altoona Curve : RHP Gilberto Morán
Batting: LHB José Maestas 0-0: DOUBLE (Flyball, 8RXD, EV 103.1 MPH)
Batting: LHB Manny Escobedo 0-0: Ground out 6-3 (Groundball, 6, EV 81.9 MPH)
José Maestas to third
Batting: LHB Roger Lenoir 0-0: Called Strike
0-1: Ball
1-1: Foul Ball, location: 2F
1-2: Ball
2-2: Strikes out looking
Batting: SHB Tony Robles 0-0: Called Strike
0-1: Swinging Strike
0-2: Foul Ball, location: 23F
0-2: Foul Ball, location: 2F
0-2: Ball
1-2: Ball
2-2: Strikes out swinging
Bottom of the 7th over - 0 runs, 1 hit, 0 errors, 1 left on base; Altoona 3 - Worcester 2
TOP OF THE 8TH
Altoona Curve batting - Pitching for Worcester Red Sox : RHP Charlie Alexander
Batting: LHB Juan Martínez 0-0: Foul Ball, location: 3DF
0-1: Ball
1-1: Swinging Strike
1-2: Ball
2-2: Ball
3-2: Base on Balls
Batting: RHB Kevin Bauer 0-0: Sac Bunt to 23 - play at first, batter OUT! 3-4
Juan Martínez to second
Batting: LHB Sean Lund 0-0: Called Strike
0-1: Fly out, F7 (Line Drive, 7, EV 102.5 MPH)
Batting: LHB Dave Calhoun 0-0: Ball
1-0: Ball
2-0: Fly out, F5 (Popup, 5F, EV 68.8 MPH)
Top of the 8th over - 0 runs, 0 hits, 0 errors, 1 left on base; Altoona 3 - Worcester 2
BOTTOM OF THE 8TH
Worcester Red Sox batting - Pitching for Altoona Curve : RHP Gilberto Morán
Now at C: Joe Brown
Now at 1B: Juan Martínez
Batting: RHB Ánibal Rentería 0-0: Ball
1-0: Ground out 4-3 (Groundball, 4, EV 90.0 MPH)
Batting: LHB Doug Rush 0-0: Ball
1-0: Fly out, F9 (Line Drive, 9D, EV 88.1 MPH)
Batting: LHB Chris McClellan 0-0: Ball
1-0: Ball
2-0: Ball
3-0: Base on Balls
Batting: LHB Ron Palma 0-0: Ball
1-0: Foul Ball, location: 2F
1-1: Ball
2-1: Foul Ball, location: 2F
2-2: Strikes out swinging
Bottom of the 8th over - 0 runs, 0 hits, 0 errors, 1 left on base; Altoona 3 - Worcester 2
TOP OF THE 9TH
Altoona Curve batting - Pitching for Worcester Red Sox : RHP Charlie Alexander
Pitching: RHP Eddie Gunn
Batting: RHB Kevin Williams 0-0: Foul Ball, location: 2RF
0-1: Ball
1-1: Swinging Strike
1-2: Strikes out swinging
Batting: LHB Rich Herbert 0-0: Ball
1-0: Fly out, F3 (Popup, 3SF, EV 75.0 MPH)
Batting: RHB Manny Quintana 0-0: Called Strike
0-1: Swinging Strike
0-2: Strikes out swinging
Top of the 9th over - 0 runs, 0 hits, 0 errors, 0 left on base; Altoona 3 - Worcester 2
BOTTOM OF THE 9TH
Worcester Red Sox batting - Pitching for Altoona Curve : RHP Gilberto Morán
Pitching: RHP Curt Watson
Batting: LHB Bobby Dotson 0-0: Ball
1-0: Called Strike
1-1: Ball
2-1: Ball
3-1: SINGLE (Line Drive, 4D, EV 95.0 MPH)
Batting: LHB José Maestas 0-0: Ball
1-0: Ball
2-0: Ball
3-0: Base on Balls
Bobby Dotson to second
Batting: LHB Manny Escobedo 0-0: Ball
1-0: Ball
2-0: Fielders Choice at 2nd, 2-6 (Groundball, 2R, EV 71.3 MPH)
Bobby Dotson to third
Batting: LHB Roger Lenoir 0-0: Called Strike
0-1: Foul Ball, location: 2F
0-2: Ball
1-2: Strikes out swinging
Pinch Hitting: LHB Quincy Daniel 0-0: Called Strike
0-1: Ball
1-1: Ball
2-1: DOUBLE (Line Drive, 3D, EV 94.4 MPH)
Bobby Dotson scores
Manny Escobedo to third
Runner from 3rd tries for Home, throw by RF and OUT! 9-4-2
Bottom of the 9th over - 1 run, 2 hits, 0 errors, 1 left on base; Altoona 3 - Worcester 3
TOP OF THE 10TH
Altoona Curve batting - Pitching for Worcester Red Sox : RHP Eddie Gunn
Now at C: Luis Cabrera
Batting: RHB Pancho Romano 0-0: Fly out, F4 (Line Drive, 4, EV 74.4 MPH)
Batting: LHB Greg McDonald 0-0: Fly out, F8 (Flyball, 8LXD, EV 105.0 MPH)
Batting: LHB Juan Martínez 0-0: Foul Ball, location: 3FF
0-1: Ball
1-1: Ball
2-1: Swinging Strike
2-2: Foul Ball, location: 2F
2-2: Strikes out looking
Top of the 10th over - 0 runs, 0 hits, 0 errors, 0 left on base; Altoona 3 - Worcester 3
BOTTOM OF THE 10TH
Worcester Red Sox batting - Pitching for Altoona Curve : RHP Curt Watson
Pitching: LHP Duane Copeland
Batting: RHB Ánibal Rentería 0-0: Called Strike
0-1: Ball
1-1: Foul Ball, location: 5DF
1-2: Ball
2-2: Strikes out swinging
Pinch Hitting: RHB Anselmo Pérez 0-0: Called Strike
0-1: Ball
1-1: Ball
2-1: SINGLE (Line Drive, 9S, EV 102.5 MPH)
Batting: LHB Chris McClellan 0-0: Ball
1-0: Called Strike
1-1: Ball
2-1: Ball
3-1: Grounds into double play, 4-6-3 (Groundball, 4, EV 86.9 MPH)
Bottom of the 10th over - 0 runs, 1 hit, 0 errors, 0 left on base; Altoona 3 - Worcester 3
TOP OF THE 11TH
Altoona Curve batting - Pitching for Worcester Red Sox : RHP Eddie Gunn
Now in LF: Pete Holmes
Now in CF: José Maestas
Pinch Hitting: RHB Pepe Bañuelos 0-0: Called Strike
0-1: Fly out, F4 (Popup, 34D, EV 46.3 MPH)
Batting: LHB Sean Lund 0-0: Foul Ball, location: 23F
0-1: Ball
1-1: Called Strike
1-2: Ball
2-2: SINGLE (Line Drive, 9LS, EV 110.6 MPH)
Batting: LHB Dave Calhoun 0-0: Fielders Choice at 2nd, 6-4 (Groundball, 6, EV 103.1 MPH)
Batting: RHB Kevin Williams 0-0: Foul Ball, location: 3SF
0-1: Ball
1-1: Foul Ball, location: 9LSF
1-2: Ball
2-2: Fly out, F7 (Line Drive, 78M, EV 92.5 MPH)
Top of the 11th over - 0 runs, 1 hit, 0 errors, 1 left on base; Altoona 3 - Worcester 3
BOTTOM OF THE 11TH
Worcester Red Sox batting - Pitching for Altoona Curve : LHP Duane Copeland
Now at C: Juan Martínez
Now at 1B: Pancho Romano
Now at 3B: Pepe Bañuelos
Batting: LHB Ron Palma 0-0: Ball
1-0: Ball
2-0: Called Strike
2-1: Fly out, F5 (Popup, 56, EV 54.4 MPH)
Batting: LHB Bobby Dotson 0-0: Foul Ball, location: 3FF
0-1: Called Strike
0-2: Ball
1-2: Ground out 4-3 (Groundball, 13, EV 91.3 MPH)
Batting: LHB José Maestas 0-0: Called Strike
0-1: Foul Ball, location: 5F
0-2: Ball
1-2: Strikes out looking
Bottom of the 11th over - 0 runs, 0 hits, 0 errors, 0 left on base; Altoona 3 - Worcester 3
TOP OF THE 12TH
Altoona Curve batting - Pitching for Worcester Red Sox : RHP Eddie Gunn
Pitching: RHP Bernardo González
Batting: LHB Rich Herbert 0-0: Called Strike
0-1: Swinging Strike
0-2: Strikes out swinging
Batting: RHB Manny Quintana 0-0: Ball
1-0: Ball
2-0: Fly out, F7 (Line Drive, 7, EV 100.6 MPH)
Batting: RHB Pancho Romano 0-0: Ball
1-0: Ball
2-0: Called Strike
2-1: Fly out, F3 (Popup, 34, EV 66.9 MPH)
Top of the 12th over - 0 runs, 0 hits, 0 errors, 0 left on base; Altoona 3 - Worcester 3
BOTTOM OF THE 12TH
Worcester Red Sox batting - Pitching for Altoona Curve : LHP Duane Copeland
Batting: LHB Manny Escobedo 0-0: Called Strike
0-1: Ball
1-1: Ground out U3 (Groundball, 3, EV 103.1 MPH)
Batting: LHB Roger Lenoir 0-0: Ground out 4-3 (Groundball, 4, EV 83.8 MPH)
Batting: LHB Luis Cabrera 0-0: Called Strike
0-1: Ground out 1-3 (Groundball, 13S, EV 66.3 MPH)
Bottom of the 12th over - 0 runs, 0 hits, 0 errors, 0 left on base; Altoona 3 - Worcester 3
TOP OF THE 13TH
Altoona Curve batting - Pitching for Worcester Red Sox : RHP Bernardo González
Batting: LHB Greg McDonald 0-0: Ball
1-0: Foul Ball, location: 7LSF
1-1: Ball
2-1: Ground out 6-3 (Groundball, 6, EV 105.6 MPH)
Batting: LHB Juan Martínez 0-0: Called Strike
0-1: Called Strike
0-2: Foul Ball, location: 2F
0-2: Strikes out looking
Batting: RHB Pepe Bañuelos 0-0: Ball
1-0: Foul Ball, location: 2F
1-1: Ball
2-1: Foul Ball, location: 2F
2-2: Ball
3-2: Fly out, F9 (Flyball, 89D, EV 88.1 MPH)
Top of the 13th over - 0 runs, 0 hits, 0 errors, 0 left on base; Altoona 3 - Worcester 3
BOTTOM OF THE 13TH
Worcester Red Sox batting - Pitching for Altoona Curve : LHP Duane Copeland
Batting: RHB Ánibal Rentería 0-0: Called Strike
0-1: Ball
1-1: Called Strike
1-2: Strikes out swinging
Batting: LHB Pete Holmes 0-0: Fly out, F7 (Flyball, 7LS, EV 89.4 MPH)
Batting: LHB Chris McClellan 0-0: Called Strike
0-1: Ball
1-1: Ball
2-1: Ground out 4-3 (Groundball, 4, EV 90.6 MPH)
Bottom of the 13th over - 0 runs, 0 hits, 0 errors, 0 left on base; Altoona 3 - Worcester 3
TOP OF THE 14TH
Altoona Curve batting - Pitching for Worcester Red Sox : RHP Bernardo González
Batting: LHB Sean Lund 0-0: Called Strike
0-1: Swinging Strike
0-2: Fly out, F9 (Line Drive, 9D, EV 90.0 MPH)
Batting: LHB Dave Calhoun 0-0: Ball
1-0: Ball
2-0: Swinging Strike
2-1: Foul Ball, location: 5FF
2-2: Ball
3-2: Foul Ball, location: 7LDF
3-2: Strikes out swinging
Batting: RHB Kevin Williams 0-0: Ball
1-0: Ground out 5-3 (Groundball, 5, EV 90.6 MPH)
Top of the 14th over - 0 runs, 0 hits, 0 errors, 0 left on base; Altoona 3 - Worcester 3
BOTTOM OF THE 14TH
Worcester Red Sox batting - Pitching for Altoona Curve : LHP Duane Copeland
Batting: LHB Ron Palma 0-0: Ball
1-0: Foul Ball, location: 25FF
1-1: Ball
2-1: SOLO HOME RUN (Flyball, 9LD, EV 96.3 MPH), Distance : 352 ft
Bottom of the 14th over - 1 run, 1 hit, 0 errors, 0 left on base; Altoona 3 - Worcester 4
Friday, May 3rd , 2024 - OOTP Baseball 24.10 Build 82